 Dungeon Crawl Stone Soup version 0.24-a0-251-g44e327e (webtiles) character file.

Game seed: 7366465286426167046

249 Borgoz the Cutter (level 6, 0/37 HPs)
             Began as a Kobold Gladiator on Apr 16, 2019.
             Slain by Grinder (5 damage)
             ... on level 3 of the Dungeon.
             The game lasted 00:03:00 (1921 turns).

Borgoz the Cutter (Kobold Gladiator)                Turns: 1921, Time: 00:03:01

Health: 0/37       AC: 10    Str: 19    XL:     6   Next: 34%
Magic:  6/6        EV: 12    Int:  9    God:
Gold:   186        SH:  0    Dex: 16    Spells: 5/5 levels left

rFire    . . .     SeeInvis .   a - +0 rapier
rCold    . . .     Gourm    .   (shield restricted)
rNeg     . . .     Faith    .   m - +0 chain mail {rPois}
rPois    +         Spirit   .   c - +0 helmet
rElec    .         Reflect  .   k - +0 cloak
rCorr    .         Harm     .   (no gloves)
MR       .....                  (no boots)
Stlth    ..........             (no amulet)
HPRegen  0.12/turn              (no ring)
MPRegen  0.10/turn              (no ring)

@: mighty
A: small, carnivore
a: no special abilities


You were on level 3 of the Dungeon.
You were completely stuffed.

You visited 1 branch of the dungeon, and saw 3 of its levels.

You collected 186 gold pieces.

Inventory:

Hand Weapons
 a - a +0 rapier (weapon)
Armour
 c - a +0 helmet (worn)
 k - a +0 cloak (worn)
 m - a +0 chain mail of poison resistance (worn)
Scrolls
 e - 4 scrolls of identify {unknown}
 g - a scroll of random uselessness {unknown}
 h - a scroll of teleportation {unknown}
 i - a scroll of enchant weapon {unknown}
 j - 3 scrolls of fear {unknown}
Potions
 b - a potion of might
 l - 2 potions of agility {unknown}
Comestibles
 d - 3 chunks of flesh
 f - 4 rations


   Skills:
 + Level 3.6 Fighting
 + Level 5.3 Short Blades
 - Level 2.1 Throwing
 + Level 1.8 Armour
 + Level 4.8 Dodging
 + Level 3.5 Stealth


You had 5 spell levels left.
You didn't know any spells.
Your spell library was empty.

Dungeon Overview and Level Annotations

Branches:
Dungeon (3/15)

Altars:

Annotations:
D:3 Grinder


Innate Abilities, Weirdness & Mutations

You are small and have problems with some larger weapons.
You are carnivorous and can eat meat at any time.


Message History

You butcher the goblin corpse.
Grinder drinks a potion.
Grinder seems to grow stronger.
Things that are here:
a chunk of flesh; a goblin skeleton A frilled lizard comes into view.
Grinder blinks!
Items here: % ) ÷÷ a cursed -3 club; 4 chunks of flesh; a hobgoblin skeleton x2
Grinder hits you!
You writhe in agony.
* * * LOW HITPOINT WARNING * * *
There is a stone staircase leading up, spattered with blood here.
You puncture Grinder!
Grinder is moderately wounded.
Grinder misses you.
You hit Grinder.
Grinder is heavily wounded.
Grinder hits you.
* * * LOW HITPOINT WARNING * * *
You writhe in agony.
You die...

.##≈ # .≈. #. ≈.≈
.. ≈♣.≈ .# .≈≈♣ .#
#.. .# ###.5####.#
#.(..@....#####.
..<.#..l.)........
# #.##.#%.####.
#.......#
#l####)## # #.#
.(# ###


You could see Grinder and a frilled lizard.

Vanquished Creatures
  Sigmund (D:3)
  Terence (D:2)
  3 adders (D:2)
  A dart slug (D:1)
  A leopard gecko (D:1)
  9 goblins
  10 hobgoblins
  2 jackals (D:1)
  5 kobolds
  7 bats
  4 frilled lizards
  5 rats
49 creatures vanquished.

Notes
Turn   | Place    | Note
-------+----------+-------------------------------------------
     0 | D:1      | Borgoz the Kobold Gladiator began the quest for the Orb.
     0 | D:1      | Reached XP level 1. HP: 12/12 MP: 1/1
   243 | D:1      | Reached XP level 2. HP: 14/18 MP: 2/2
   267 | D:1      | Reached skill level 1 in Stealth
   440 | D:1      | Reached XP level 3. HP: 13/22 MP: 3/3
  1169 | D:2      | Noticed Terence
  1174 | D:2      | Killed Terence
  1174 | D:2      | Reached skill level 1 in Armour
  1174 | D:2      | Reached XP level 4. HP: 27/27 MP: 4/4
  1703 | D:2      | Reached XP level 5. HP: 32/32 MP: 5/5
  1890 | D:3      | Noticed Sigmund
  1907 | D:3      | Killed Sigmund
  1907 | D:3      | Reached skill level 5 in Short Blades
  1907 | D:3      | Reached XP level 6. HP: 24/37 MP: 6/6
  1913 | D:3      | Noticed Grinder
  1921 | D:3      | Slain by Grinder

Levels and vault maps discovered:
D:1:      sevenhm_arrival_forest_fort_large_4, layout_loops_ring
D:2:      layout_loops_ring, minmay_pentomino_pile, uniq_terence
D:3:      layout_loops_cross, marbit_many_paths, serial_rivers,
          chequers_serial_rivers_marsh, chequers_serial_rivers_small_3,
          chequers_serial_rivers_micro_d, chequers_serial_rivers_micro_e,
          first_ration, minmay_misc_feat_more_columns, uniq_sigmund,
          uniq_grinder

Skill      XL: |  1  2  3  4  5 |
---------------+----------------+-----
Stealth        | 1 2 3 |  3.5
Dodging        | 4 |  4.8
Armour         | 1 |  1.8
Fighting       | 3 |  3.6
Short Blades   | 5 |  5.3
Throwing       | |  2.1

Action                   |  1- 3 |  4- 6 || total
-------------------------+-------+-------++-------
Melee: Rapier            |   116 |   113 ||   229
Throw: Throwing net      |       |     3 ||     3
  Use: Potion            |       |     1 ||     1
 Stab: Sleeping          |     1 |       ||     1
  Eat: Chunk             |     8 |     4 ||    12
Armor: Leather armour    |    23 |       ||    23
       Chain mail        |       |    90 ||    90
Dodge: Dodged            |    95 |    86 ||   181

Table legend:
 A = Non-vault XP
 B = Vault XP
 C = Vault XP percentage of total XP
 D = Non-vault monster count
 E = Vault monster count
 F = Vault count percentage of total count
                 A         B        C        D         E       F
            +---------+---------+-------+---------+---------+-------
      Total |      96 |     260 |  73.0 |      43 |       6 |  12.2
            +---------+---------+-------+---------+---------+-------
        D:1 |      43 |       0 |   0.0 |      24 |       0 |   0.0
        D:2 |      47 |      52 |  52.5 |      16 |       5 |  23.8
        D:3 |       6 |     208 |  97.2 |       3 |       1 |  25.0
            +---------+---------+-------+---------+---------+-------
